[Event "M.Chigorin Memorial 2014"]
[Site "St. Petersburg"]
[Date "2014.10.19"]
[Round "2.1"]
[White "Matlakov, Maxim"]
[Black "Kukhmazov, Arsen"]
[Result "1-0"]
[ECO "D11"]
[WhiteElo "2692"]
[BlackElo "2351"]
[PlyCount "65"]
[EventDate "2014.10.18"]
[EventType "swiss"]
[EventCountry "RUS"]
[TimeControl "5400+1085"]
[WhiteClock "0:04:16"]
[BlackClock "0:08:26"]

1. d4 d5 2. c4 c6 3. Nf3 Nf6 4. e3 Bg4 5. h3 Bh5 6. Qb3 Qb6 7. Nc3 e6 8. Ne5
Nbd7 9. g4 Bg6 10. Nxg6 hxg6 11. Bg2 Bb4 12. Bd2 Bxc3 13. Bxc3 Ne4 14. Bb4 a5
15. Ba3 Nef6 16. O-O Qc7 17. Rfc1 Nb6 18. cxd5 exd5 19. Qd3 O-O-O 20. b4 Nc4
21. bxa5 Nxa5 22. Bc5 Rde8 23. Rab1 Nc4 24. Rxc4 dxc4 25. Qxc4 Nd5 26. Rb3 Rd8
27. Ra3 Qb8 28. Ra7 Rd7 29. Qa4 Nc7 30. Bb6 Re7 31. Bxc7 Kxc7 32. Qxc6+ Kd8 33.
Qa4 1-0

[Event "M.Chigorin Memorial 2014"]
[Site "St. Petersburg"]
[Date "2014.10.19"]
[Round "2.2"]
[White "Zhurikhin, Alexander"]
[Black "Alekseev, Evgeny"]
[Result "1/2-1/2"]
[ECO "B40"]
[WhiteElo "2347"]
[BlackElo "2682"]
[PlyCount "72"]
[EventDate "2014.10.18"]
[EventType "swiss"]
[EventCountry "RUS"]
[TimeControl "6000+1180"]
[WhiteClock "0:01:50"]
[BlackClock "0:01:03"]

1. e4 c5 2. Nf3 e6 3. c4 Nc6 4. Be2 g5 5. h3 Bg7 6. d3 h6 7. Nc3 d6 8. Be3 Nd4
9. O-O Ne7 10. Nh2 Ng6 11. Bh5 Nf4 12. Bxf4 gxf4 13. Nf3 Bd7 14. Rb1 O-O 15.
Nxd4 cxd4 16. Nb5 Be5 17. Na3 a6 18. Nc2 Rb8 19. Ne1 b5 20. Nf3 Bg7 21. b4 Qc7
22. Qc1 bxc4 23. dxc4 e5 24. Nd2 Kh7 25. Qd1 Bf6 26. Kh2 Be7 27. a3 Be6 28. Bg4
Qd7 29. Bxe6 Qxe6 30. Qf3 Rg8 31. Rg1 Rg6 32. Rbc1 Qd7 33. Rb1 Bh4 34. Rbc1 Be7
35. Rb1 Bh4 36. Rbc1 Be7 1/2-1/2

[Event "M.Chigorin Memorial 2014"]
[Site "St. Petersburg"]
[Date "2014.10.19"]
[Round "2.3"]
[White "Khismatullin, Denis"]
[Black "Baghdasaryan, Vahe"]
[Result "1-0"]
[ECO "C00"]
[WhiteElo "2681"]
[BlackElo "2343"]
[PlyCount "61"]
[EventDate "2014.10.18"]
[EventType "swiss"]
[EventCountry "RUS"]
[TimeControl "5400+1880"]
[WhiteClock "0:01:44"]
[BlackClock "0:00:45"]

1. e4 c5 2. Nf3 e6 3. g3 Nc6 4. Bg2 Nf6 5. Qe2 d6 6. O-O Be7 7. c3 e5 8. Rd1
Bg4 9. h3 Be6 10. Na3 Qc8 11. Kh2 h5 12. d3 h4 13. g4 d5 14. exd5 Nxd5 15. Nc4
Qc7 16. Kg1 Nf4 17. Bxf4 exf4 18. d4 cxd4 19. cxd4 Bd5 20. Rac1 O-O 21. Nce5
Rad8 22. Nxc6 bxc6 23. Ne5 Bxg2 24. Kxg2 c5 25. Nf3 Rfe8 26. dxc5 Bxc5 27. Qc4
Rxd1 28. Rxd1 Qb6 29. Rd7 Re7 30. Rd5 Bxf2 31. Qc8+ 1-0

[Event "M.Chigorin Memorial 2014"]
[Site "St. Petersburg"]
[Date "2014.10.19"]
[Round "2.4"]
[White "Rodshtein, Maxim"]
[Black "Duzhakov, Ilya"]
[Result "1/2-1/2"]
[ECO "C15"]
[WhiteElo "2678"]
[BlackElo "2341"]
[PlyCount "68"]
[EventDate "2014.10.18"]
[EventType "swiss"]
[EventCountry "RUS"]
[TimeControl "5400+1020"]
[WhiteClock "0:04:46"]
[BlackClock "0:03:07"]

1. e4 e6 2. d4 d5 3. Nc3 Bb4 4. a3 Bxc3+ 5. bxc3 dxe4 6. Qg4 Nf6 7. Qxg7 Rg8 8.
Qh6 Nbd7 9. Ne2 c5 10. Ng3 Rg6 11. Qe3 Qc7 12. Nxe4 cxd4 13. Nxf6+ Nxf6 14.
cxd4 Qxc2 15. Bd2 Nd5 16. Qe5 f6 17. Bb5+ Kf7 18. Qh5 Qe4+ 19. Be2 Kg8 20. Qf3
Qxd4 21. Rc1 Bd7 22. h4 Rc8 23. Rxc8+ Bxc8 24. h5 Rg7 25. Bh6 Qa1+ 26. Bd1 Qe5+
27. Kf1 Rd7 28. Rh3 Kh8 29. Rg3 Qa1 30. Ke1 Qe5+ 31. Kf1 Qa1 32. Ke1 Qe5+ 33.
Kf1 Qa1 34. Ke1 Qe5+ 1/2-1/2

[Event "M.Chigorin Memorial 2014"]
[Site "St. Petersburg"]
[Date "2014.10.19"]
[Round "2.5"]
[White "Golubov, Saveliy"]
[Black "Grachev, Boris"]
[Result "1/2-1/2"]
[ECO "B49"]
[WhiteElo "2347"]
[BlackElo "2673"]
[PlyCount "47"]
[EventDate "2014.10.18"]
[EventType "swiss"]
[EventCountry "RUS"]
[TimeControl "6000+945"]
[WhiteClock "0:20:20"]
[BlackClock "0:06:30"]

1. e4 c5 2. Nf3 Nc6 3. d4 cxd4 4. Nxd4 e6 5. Nc3 a6 6. Be2 Qc7 7. O-O b5 8. Be3
Bb7 9. Nxc6 Bxc6 10. a3 Nf6 11. Bd3 Be7 12. Qe2 O-O 13. f4 d6 14. Rae1 Rab8 15.
Bf2 b4 16. axb4 Rxb4 17. b3 a5 18. h3 h6 19. Ra1 Ra8 20. Kh1 Rbb8 21. Bd4 Rb4
22. Bf2 Rbb8 23. Bd4 Rb4 24. Bf2 1/2-1/2

[Event "M.Chigorin Memorial 2014"]
[Site "St. Petersburg"]
[Date "2014.10.19"]
[Round "2.6"]
[White "Sjugirov, Sanan"]
[Black "Yandarbiev, Ruslan"]
[Result "1-0"]
[ECO "E81"]
[WhiteElo "2664"]
[BlackElo "2339"]
[PlyCount "65"]
[EventDate "2014.10.18"]
[EventType "swiss"]
[EventCountry "RUS"]
[TimeControl "6000+985"]
[WhiteClock "0:34:32"]
[BlackClock "0:07:29"]

1. d4 Nf6 2. c4 g6 3. Nc3 Bg7 4. e4 d6 5. f3 O-O 6. Be3 c5 7. dxc5 dxc5 8. Qxd8
Rxd8 9. Bxc5 Nc6 10. Be3 b6 11. Rc1 Nd7 12. Nge2 Nde5 13. Nf4 e6 14. Be2 Nd4
15. b3 Bb7 16. Kf2 Nec6 17. Rhd1 Nb4 18. Rd2 a6 19. Na4 b5 20. Nc5 Bc6 21. a3
Nxe2 22. Kxe2 Rxd2+ 23. Bxd2 Bb2 24. axb4 Bxc1 25. Bxc1 a5 26. Nfd3 axb4 27.
Nxb4 Be8 28. e5 bxc4 29. bxc4 Rb8 30. Bd2 Rc8 31. Ne4 Ba4 32. Nd6 Rc7 33. Kd3
1-0

[Event "M.Chigorin Memorial 2014"]
[Site "St. Petersburg"]
[Date "2014.10.19"]
[Round "2.7"]
[White "Demianjuk, Alexander"]
[Black "Smirin, Ilia"]
[Result "1/2-1/2"]
[ECO "E90"]
[WhiteElo "2342"]
[BlackElo "2655"]
[PlyCount "55"]
[EventDate "2014.10.18"]
[EventType "swiss"]
[EventCountry "RUS"]
[TimeControl "6000+1160"]
[WhiteClock "0:24:03"]
[BlackClock "0:30:50"]

1. d4 c5 2. d5 Nf6 3. c4 g6 4. Nc3 Bg7 5. e4 d6 6. h3 O-O 7. Nf3 Na6 8. Bd3 e5
9. O-O Nh5 10. Re1 Nc7 11. a3 b6 12. Rb1 a5 13. Bg5 Qe8 14. b4 axb4 15. axb4
Na6 16. bxc5 bxc5 17. Nb5 Qd7 18. Bd2 Qe7 19. Ra1 Nf4 20. Bf1 h6 21. Ra5 Rb8
22. Qa1 Rb6 23. Ra4 Nh5 24. Ba5 Rb8 25. Bc3 Rb6 26. Ba5 Rb8 27. Bc3 Rb6 28. Ba5
1/2-1/2

[Event "M.Chigorin Memorial 2014"]
[Site "St. Petersburg"]
[Date "2014.10.19"]
[Round "2.8"]
[White "Bublei, Pavel"]
[Black "Khairullin, Ildar"]
[Result "1/2-1/2"]
[ECO "A88"]
[WhiteElo "2339"]
[BlackElo "2643"]
[PlyCount "82"]
[EventDate "2014.10.18"]
[EventType "swiss"]
[EventCountry "RUS"]
[TimeControl "6000+1320"]
[WhiteClock "0:34:05"]
[BlackClock "0:29:21"]

1. d4 f5 2. c4 Nf6 3. g3 g6 4. Bg2 Bg7 5. Nf3 O-O 6. O-O d6 7. Nc3 c6 8. Qb3
Kh8 9. Be3 Na6 10. Rad1 Nc7 11. h3 Rb8 12. a4 b6 13. Rfe1 a6 14. d5 c5 15. Bg5
b5 16. e4 fxe4 17. Nxe4 Bf5 18. Nxf6 exf6 19. Bc1 bxc4 20. Qxc4 Rb4 21. Qc3
Rxa4 22. Nh4 Nb5 23. Qd2 Bd7 24. Nf3 Re8 25. Rxe8+ Bxe8 26. Re1 Bf7 27. Qc2 Ra1
28. Nd2 Nd4 29. Qc4 Be8 30. Nb3 Bb5 31. Qc3 f5 32. Nxd4 Bxd4 33. Qd2 Kg8 34.
Kh2 Be5 35. Qh6 Qd7 36. Qg5 Kf7 37. Qh6 Kg8 38. Qg5 Kf7 39. Qh6 Kg8 40. Qg5 Kf7
41. Qh6 Kg8 1/2-1/2

[Event "M.Chigorin Memorial 2014"]
[Site "St. Petersburg"]
[Date "2014.10.19"]
[Round "2.9"]
[White "Timerkhanov, Alexander"]
[Black "Ivanisevic, Ivan"]
[Result "0-1"]
[ECO "D00"]
[WhiteElo "2324"]
[BlackElo "2623"]
[PlyCount "66"]
[EventDate "2014.10.18"]
[EventType "swiss"]
[EventCountry "RUS"]
[TimeControl "6000+985"]
[WhiteClock "0:01:19"]
[BlackClock "0:04:16"]

1. d4 Nf6 2. Bg5 d5 3. Bxf6 gxf6 4. e3 c5 5. dxc5 e6 6. c4 dxc4 7. Qxd8+ Kxd8
8. Nc3 Bxc5 9. Bxc4 Ke7 10. Nf3 Nd7 11. a3 a6 12. Ke2 Ne5 13. Nxe5 fxe5 14. g4
Bd7 15. Bd3 h6 16. Be4 f5 17. gxf5 exf5 18. Bd5 e4 19. Rhg1 Be8 20. Rg7+ Kf6
21. Rag1 Bh5+ 22. Ke1 Rhd8 23. Bc4 b5 24. Bb3 b4 25. Nd5+ Rxd5 26. Bxd5 Rd8 27.
Rh7 Bf8 28. Bb3 bxa3 29. bxa3 Rb8 30. Rg8 Rxb3 31. Rxf8+ Kg6 32. Rd7 Rb1+ 33.
Kd2 Rd1+ 0-1

[Event "M.Chigorin Memorial 2014"]
[Site "St. Petersburg"]
[Date "2014.10.19"]
[Round "2.10"]
[White "Andriasian, Zaven"]
[Black "Ovod, Evgenija"]
[Result "1-0"]
[ECO "C54"]
[WhiteElo "2622"]
[BlackElo "2325"]
[PlyCount "99"]
[EventDate "2014.10.18"]
[EventType "swiss"]
[EventCountry "RUS"]
[TimeControl "6000+2800"]
[WhiteClock "0:35:18"]
[BlackClock "0:13:40"]

1. e4 e5 2. Nf3 Nc6 3. Bc4 Bc5 4. c3 Nf6 5. d3 a6 6. O-O Ba7 7. Nbd2 O-O 8. h3
h6 9. Re1 d6 10. Bb3 Be6 11. Nf1 Re8 12. Ng3 d5 13. exd5 Nxd5 14. Nh2 Qh4 15.
Qf3 Rad8 16. Bd2 f5 17. Nxf5 Qxf2+ 18. Qxf2 Bxf2+ 19. Kxf2 Bxf5 20. Rad1 Kh7
21. Bc1 Nf4 22. Bxf4 exf4 23. d4 g5 24. Nf3 Kg6 25. Rxe8 Rxe8 26. Bd5 Nd8 27.
Ne5+ Kf6 28. Bf3 Re7 29. b4 c6 30. Re1 Nf7 31. Ng4+ Bxg4 32. hxg4 Rxe1 33. Kxe1
Nd6 34. Ke2 Ke6 35. Kd3 Ne8 36. c4 Nf6 37. a4 h5 38. gxh5 g4 39. d5+ Ke5 40.
dxc6 bxc6 41. Bxc6 Nxh5 42. a5 f3 43. gxf3 g3 44. Ke3 Nf4 45. b5 Kd6 46. Be4
axb5 47. cxb5 Ng2+ 48. Ke2 Nf4+ 49. Kf1 Kc5 50. b6 1-0

[Event "M.Chigorin Memorial 2014"]
[Site "St. Petersburg"]
[Date "2014.10.19"]
[Round "2.11"]
[White "Tseitlin, Mark D"]
[Black "Ponkratov, Pavel"]
[Result "1-0"]
[ECO "C07"]
[WhiteElo "2320"]
[BlackElo "2617"]
[PlyCount "89"]
[EventDate "2014.10.18"]
[EventType "swiss"]
[EventCountry "RUS"]
[TimeControl "6000+650"]
[WhiteClock "0:24:41"]
[BlackClock "1:13:33"]

1. e4 e6 2. d4 d5 3. Nd2 c5 4. Ngf3 cxd4 5. Nxd4 Nf6 6. e5 Nfd7 7. N2f3 Nc6 8.
Bf4 Be7 9. c3 g5 10. Bg3 h5 11. h4 g4 12. Nxc6 bxc6 13. Nd4 Qb6 14. b4 Qc7 15.
b5 cxb5 16. Nxb5 Qa5 17. Qd4 Bc5 18. Qd2 Ba6 19. a4 Rc8 20. Bd3 Bxb5 21. Bxb5
Bb6 22. O-O a6 23. Bxd7+ Kxd7 24. Rfb1 Rc7 25. Kh2 Kc8 26. Rb3 d4 27. Rc1 Rd8
28. Qb2 dxc3 29. Rbxc3 Rdd7 30. Rxc7+ Rxc7 31. Rb1 Rc6 32. Qa3 Bc5 33. Qd3 Qxa4
34. Qh7 Rb6 35. Qg8+ Kc7 36. Rc1 Qd4 37. Qxf7+ Kb8 38. Qxh5 a5 39. Qg6 Ba3 40.
Qe8+ Ka7 41. Rc8 Qe4 42. h5 Bb2 43. Rc5 Ka6 44. h6 Qb7 45. Qa4 1-0

[Event "M.Chigorin Memorial 2014"]
[Site "St. Petersburg"]
[Date "2014.10.19"]
[Round "2.12"]
[White "Bukavshin, Ivan"]
[Black "Batyuk, Artem"]
[Result "1-0"]
[ECO "E97"]
[WhiteElo "2616"]
[BlackElo "2324"]
[PlyCount "69"]
[EventDate "2014.10.18"]
[EventType "swiss"]
[EventCountry "RUS"]
[TimeControl "6000+860"]
[WhiteClock "0:38:04"]
[BlackClock "0:08:40"]

1. d4 Nf6 2. c4 g6 3. Nc3 Bg7 4. e4 d6 5. Be2 O-O 6. Nf3 e5 7. O-O Nc6 8. d5
Ne7 9. Qc2 Nd7 10. Rd1 h6 11. b4 a5 12. Ba3 axb4 13. Bxb4 b6 14. a4 f5 15. a5
bxa5 16. Bxa5 Ba6 17. Nb5 Bxb5 18. cxb5 Nc5 19. Nd2 fxe4 20. Nxe4 Nxe4 21. Qxe4
Rf4 22. Qc2 Qf8 23. Qxc7 e4 24. Bc3 Rxa1 25. Rxa1 Rxf2 26. Re1 Bxc3 27. Qxc3
Rf7 28. Qb4 Nxd5 29. Qxe4 Nf4 30. Bf1 d5 31. Qd4 Qd6 32. Re8+ Rf8 33. Rxf8+
Kxf8 34. b6 Ne6 35. Qf6+ 1-0